 Dungeon Crawl Stone Soup version 0.30-a0-330-g8f2769a82d (webtiles) character file.

Game seed: 7753543963946122076

606 Engwar the Insei (level 7, 0/43 HPs)
             Began as an Octopode Transmuter on Oct 29, 2022.
             Was an Initiate of Ru.
             Slain by Duvessa
             ... wielding a +0 short sword
              (11 damage)
             ... on level 5 of the Dungeon.
             The game lasted 00:08:51 (4745 turns).

Engwar the Insei (Octopode Transmuter)              Turns: 4745, Time: 00:08:51

Health: 0/43       AC:  2    Str:  9    XL:     7   Next: 42%
Magic:  8/10       EV: 16    Int: 17    God:    Ru [......]
Gold:   220        SH:  0    Dex: 18    Spells: 4/10 levels left

rFire   . . .      SeeInvis .      - Unarmed
rCold   . . .      Faith    .    (shield currently unavailable)
rNeg    + . .      Spirit   .    (helmet currently unavailable)
rPois   x          Reflect  .    (no amulet)
rElec   .          Harm     .    o - ring of positive energy
rCorr   .          Rampage  .    (no ring)
Will    .....                    (no ring)
Stlth   ++........               (no ring)
HPRegen 0.27/turn                (no ring)
MPRegen 0.12/turn                (no ring)
                                 (no ring)
                                 (no ring)

@: spider-form (expiring), grasped by roots, constricted
A: venomous fangs, almost no armour, (amphibious), 8 rings, tiny, (camouflage
1), (gelatinous body 1), (nimble swimmer 1), (tentacles)
a: End Transformation, Renounce Religion


You were on level 5 of the Dungeon.
You worshipped Ru.
Ru was noncommittal.
You were a venomous arachnid creature.
You visited 2 branches of the dungeon, and saw 6 of its levels.

You collected 220 gold pieces.

Inventory:

Missiles
 c - 8 curare-tipped darts (quivered)
 h - 4 silver boomerangs
 i - a throwing net
Jewellery
 o - a ring of positive energy (left front leg)
Wands
 g - a wand of flame (16)
 l - a wand of digging (13)
Scrolls
 n - a scroll of silence {unknown}
 p - a scroll of magic mapping
Potions
 a - 2 potions of lignification
 b - a potion of flight
 d - a potion of heal wounds
 e - a potion of cancellation {unknown}
 f - 2 potions of invisibility
 j - 2 potions of ambrosia
 k - a potion of resistance {unknown}
 m - a potion of attraction {unknown}


   Skills:
 - Level 1.0 Fighting
 - Level 2.0 Dodging
 - Level 3.0 Stealth
 * Level 5.6 Unarmed Combat
 - Level 2.0 Spellcasting
 + Level 4.8 Transmutations
 - Level 4.0 Poison Magic


You had 4 spell levels left.
You knew the following spells:

 Your Spells              Type           Power      Damage    Failure   Level
a - Beastly Appendage     Tmut           36%        N/A       10%         1
b - Wereblood             Tmut           18%        N/A       13%         2
c - Spider Form           Tmut/Pois      16%        N/A       24%         3

Your spell library contained the following spells:

 Spells                   Type           Power      Damage    Failure   Level
 Sting                    Tmut/Pois      64%        1d6       11%         1
 Poisonous Vapours        Pois/Air       16%        N/A       30%         2
 Summon Small Mammal      Summ           4%         N/A       38%         1
 Olgreb's Toxic Radiance  Pois           15%        N/A       58%         4
 Call Canine Familiar     Summ           1%         N/A       71%         3
 Summon Guardian Golem    Hex/Summ       1%         N/A       71%         3
 Ice Form                 Ice/Tmut       9%         N/A       78%         4
 Orb of Destruction       Conj           0%         9d5       100%        7
 Spellforged Servitor     Conj/Summ      0%         N/A       100%        7


Dungeon Overview and Level Annotations

Branches:
Dungeon (5/15)             Temple (1/1) D:4

Altars:
Ashenzari
Cheibriados
Dithmenos
Fedhas
Gozag
Hepliaklqana
Makhleb
Nemelex Xobeh
Okawaru
Qazlal
Ru
Uskayaw
Vehumet
Wu Jian
Yredelemnul
The Shining One

Annotations:
D:5 1 runed translucent door, Dowan, Duvessa


Innate Abilities, Weirdness & Mutations

You are a venomous arachnid creature.
You have poisonous fangs.
You are tiny and dextrous.
Your spellcasting is less reliable in this form.
Your armour is entirely melded.
You are incapable of wielding weapons or throwing items.
You cannot wear most types of armour.
((You are amphibious.))
You can wear up to eight rings at the same time.
((Your skin changes colour to match your surroundings (Stealth+).))
((Your rubbery body absorbs attacks. (AC +1, EV +1)))
((You are camouflaged when in or above water. (Stealth+)))
((You have tentacles for arms and can constrict up to eight enemies at once.))


Message History

There is an open door here.
You closely miss Dowan.
Dowan zaps a wand.
The roots erupt in riotous growth!
The grasping roots grab you!
Dowan is unaffected.
The grasping roots constrict you.
You barely miss Dowan.
Dowan casts a spell at Duvessa.
Duvessa seems to speed up.
The grasping roots constrict you.
You closely miss Dowan.
The grasping roots release their grip on you.
You hit Duvessa.
Duvessa is poisoned.
Duvessa is lightly wounded.
Dowan casts a spell.
Dowan blinks!
Duvessa hits you with a +0 short sword!
You barely miss Duvessa.
Duvessa is lightly wounded.
Duvessa barely misses you.
Dowan mumbles some strange words.
Dowan blinks!
You hit Duvessa but do no damage.
Duvessa looks as sick as possible!
Duvessa is lightly wounded.
Your transformation is almost over.
Duvessa says, "My weaknesses are his strengths!"
Duvessa closely misses you.
You hit Duvessa but do no damage.
Duvessa looks as sick as possible!
Duvessa is lightly wounded.
Duvessa hits you but does no damage.
You barely miss Duvessa.
Duvessa is moderately wounded.
Duvessa hits you with a +0 short sword!
Dowan casts a spell.
Dowan blinks!
Duvessa hits you with a +0 short sword. Duvessa attacks as you move away!
Duvessa misses you. Dowan hits you with a +0 dagger.
Dowan zaps a wand.
The roots erupt in riotous growth!
Duvessa is unaffected.
Dowan is unaffected.
The grasping roots grab you! The grasping roots constrict you.
* * * LOW HITPOINT WARNING * * *
Duvessa hits you with a +0 short sword!
You die...

###.#.##..#..§§§......#
#####.#
#.##.#.##§########..#
#.# #.###.>##.#⌠8⌠#
#.## #.# #.#
##.##.#...+ #.## #.#
#.# #.##.#.§.# #..# #.#
#.# #.##.#...+ #..# #..
#.# #.##.#...# #..#
##.# #.#
#.##.##'#####..# #.##
#.# #.##...ees.....#
#.# #.#
#......####....# #.##
#.# ###..### ####.#
##.# #.# #.# #.# ##.
#.# #. #.# ## ###.# #
#.# # #...######.# #.#
# ##.........# #.# #
#........... #.#
#########


You could see Duvessa (fast, extremely poisoned) and Dowan.

Vanquished Creatures
  Grinder (D:3)
  A centaur (D:5)
  A scorpion (D:5)
  An orc priest (D:5)
  3 hounds
  Terence (D:3)
  2 iguanas (D:5)
  2 orc wizards
  5 adders
  3 worms
  A dart slug (D:1)
  10 orcs
  6 bats
  An endoplasm (D:3)
  2 giant cockroaches
  5 goblins
  3 hobgoblins
  8 jackals (D:3)
  4 quokkas
  4 ball pythons
  2 frilled lizards
  2 kobolds
  6 rats
74 creatures vanquished.

Notes
Turn   | Place    | Note
-------+----------+-------------------------------------------
     0 | D:1      | Engwar the Octopode Transmuter began the quest for the Orb.
     0 | D:1      | Reached XP level 1. HP: 13/13 MP: 3/3
   185 | D:1      | Reached skill level 1 in Stealth
   267 | D:1      | Reached XP level 2. HP: 11/18 MP: 5/5
   383 | D:1      | Learned a level 2 spell: Wereblood
   767 | D:2      | Reached XP level 3. HP: 3/23 MP: 4/6
   771 | D:2      | Learned a level 3 spell: Spider Form
  1773 | D:3      | Noticed Terence
  1782 | D:3      | Killed Terence
  1783 | D:3      | Reached XP level 4. HP: 28/28 MP: 0/7
  1807 | D:3      | Found a broken altar of Ashenzari.
  2093 | D:3      | Reached skill level 4 in Unarmed Combat
  2093 | D:3      | Reached skill level 1 in Poison Magic
  2177 | D:3      | Found a radiant altar of Vehumet.
  2177 | D:3      | Noticed Grinder
  2197 | D:3      | Paralysed by Grinder for 4 turns
  2205 | D:3      | Paralysed by Grinder for 3 turns
  2212 | D:4      | Found a shadowy altar of Dithmenos.
  2291 | D:3      | Found a faded altar of an unknown god.
  2345 | D:3      | Reached XP level 5. HP: 33/33 MP: 8/8
  2368 | D:3      | Killed Grinder
  2510 | D:3      | Identified the +2 chain mail "Yshrey" {Int+5}
  2680 | D:3      | Reached XP level 6. HP: 26/38 MP: 9/9
  2975 | D:4      | Found a staircase to the Ecumenical Temple.
  2986 | Temple   | Entered the Ecumenical Temple
  3037 | Temple   | Became a worshipper of Ru the Awakened
  3264 | D:4      | Found a hide-covered altar of Uskayaw.
  3937 | D:5      | Entered Level 5 of the Dungeon
  4194 | D:5      | Reached skill level 5 in Unarmed Combat
  4194 | D:5      | Reached XP level 7. HP: 40/43 MP: 10/10
  4317 | D:5      | Found a runed translucent door.
  4731 | D:5      | Noticed Duvessa
  4731 | D:5      | Noticed Dowan
  4745 | D:5      | Slain by Duvessa

Illustrated notes

Levels and vault maps discovered:
D:1:      dpeg_arrival_simpleton_b, layout_basic
D:2:      layout_basic, grunt_decor_clamped
D:3:      layout_loops_ring, nicolae_ashenzari_panopticon, fiery_altar_vehumet,
          serial_glass, glass_columns_a, glass_columns_b, feat_on_display,
          feat_on_display, hellmonk_ecumenical_altar_pennies_from_heaven,
          roderic_filled_cross, minmay_between, uniq_terence, uniq_grinder
D:4:      layout_cave_pools, kennysheep_mini, grunt_dithmenos_smoke,
          minmay_temple_entry_crystal_x
D:5:      dreamdust_elfheim, layout_loops_ring, lightli_church_of_beogh
Temple:   nicolae_temple_godzebo

Skill      XL: |  1  2  3  4  5  6  7 |
---------------+----------------------+-----
Stealth        | 1 2 3 |  3.0
Transmutations | 3 4 |  4.8
Unarmed Combat | 4 5 |  5.6
Poison Magic   | 1 2 3 4 |  4.0
Fighting       | |  1.0
Dodging        | |  2.0
Spellcasting   | |  2.0

Action                   |  1- 3 |  4- 6 |  7- 9 || total
-------------------------+-------+-------+-------++-------
Melee: Unarmed           |    71 |   106 |    42 ||   219
       Constrict         |    20 |    23 |     3 ||    46
       Tentacles         |    12 |    18 |     2 ||    32
       Kick              |     7 |    21 |     3 ||    31
       Punch             |     3 |     4 |       ||     7
 Cast: Beastly Appendage |     3 |     7 |     2 ||    12
       Spider Form       |     1 |     3 |     4 ||     8
       Wereblood         |       |     1 |       ||     1
  Use: Scroll            |     4 |     8 |       ||    12
 Stab: Sleeping          |       |     9 |     2 ||    11
Armor: Skin              |    13 |     9 |     4 ||    26
Dodge: Dodged            |    55 |    56 |    32 ||   143

Table legend: (Time is in decaauts)
 A = Elapsed time spent in this place.
 B = Non-inter-level travel time spent in this place.
 C = Inter-level travel time spent in this place.
 D = Time resting spent in this place.
 E = Time spent auto-exploring this place.
 F = Levels seen in this place.
 G = Mean time per level.
                   A        B        C        D        E       F      G
               +--------+--------+--------+--------+--------+-----+--------+
         Total |   4726 |   4595 |    131 |    746 |   3090 |   6 |  787.7 |
       Dungeon |   4641 |   4542 |     99 |    746 |   3049 |   5 |  928.2 |
        Temple |     84 |     52 |     32 |      0 |     41 |   1 |   84.0 |
               +--------+--------+--------+--------+--------+-----+--------+

Top non-repeatable levels by time:
     D:3: 1211 daAuts
     D:2: 1009 daAuts
     D:4: 883 daAuts
     D:5: 801 daAuts
     D:1: 735 daAuts
  Temple: 84 daAuts
